 Dungeon Crawl Stone Soup version 0.30-a0-748-ge6a52f7cba (webtiles) character file.

Game seed: 7109099837250975994

319 freelancePsychic the Sneak (level 6, -5/36 HPs)
             Began as a Gargoyle Earth Elementalist on Feb 8, 2023.
             Was a Priest of Cheibriados.
             Shot with an arrow by a centaur (6 damage)
             ... in the Ecumenical Temple.
             The game lasted 00:06:17 (3771 turns).

freelancePsychic the Sneak (GrEE)                   Turns: 3771, Time: 00:06:17

Health: -5/36      AC:  8    Str: 18    XL:     6   Next: 46%
Magic:  7/9        EV: 12    Int: 23    God:    Cheibriados [***...]
Gold:   176        SH:  0    Dex: 16    Spells: 5/9 levels left

rFire   . . .      SeeInvis +    e - +5 dagger
rCold   . . .      Faith    .    (no shield)
rNeg    + . .      Spirit   .    d - +1 leather armour
rPois   ∞          Reflect  .    (no helmet)
rElec   +          Harm     .    (no cloak)
rCorr   .          Rampage  .    (no gloves)
Will    .....                    (no boots)
Stlth   +++                      (no amulet)
HPRegen 0.26/turn                c - ring of see invisible
MPRegen 0.11/turn                (no ring)

@: weak-willed, attractive, very slow
A: sickness immunity, AC +4, negative energy resistance 1, electricity
resistance, torment resistance 1, petrification resistance
a: Renounce Religion, Bend Time, Temporal Distortion


You were in the Ecumenical Temple.
You worshipped Cheibriados.
Cheibriados was most pleased with you.
You visited 2 branches of the dungeon, and saw 6 of its levels.

You collected 176 gold pieces.

Inventory:

Hand Weapons
 e - a +5 dagger (weapon)
Armour
 a - a +0 robe
 d - a +1 leather armour (worn)
Jewellery
 c - a ring of see invisible (left hand)
Wands
 l - a wand of mindburst (11)
Scrolls
 m - a scroll of fog
Potions
 b - a potion of magic
 h - a potion of lignification {unknown}
 n - a potion of cancellation {unknown}


   Skills:
 + Level 2.8 Fighting
 - Level 1.5 Dodging
 - Level 5.0 Stealth
 - Level 2.0 Spellcasting
 + Level 3.0 Conjurations
 - Level 0.7 Transmutations
 + Level 5.0 Earth Magic
 * Level 0.1 Invocations


You had 5 spell levels left.
You knew the following spells:

 Your Spells              Type           Power      Damage    Failure   Level
a - Sandblast             Erth           50%        2d12      1%          1
b - Stone Arrow           Conj/Erth      40%        3d9       9%          3

Your spell library contained the following spells:

 Spells                   Type           Power      Damage    Failure   Level
 Passwall                 Tmut/Erth      12%        N/A       7%          2
 Kiss of Death            Conj/Necr      36%        2d8       9%          1
 Vhi's Electric Charge    Tloc/Air       4%         N/A       41%         3
 Petrify                  Tmut/Erth      15%        N/A       43%         4
 Irradiate                Conj/Tmut      5%         3d13      89%         5
 Lightning Bolt           Conj/Air       4%         1d16      92%         5
 Conjure Ball Lightning   Conj/Air       4%         3x3d6     100%        6
 Chain Lightning          Conj/Air       4%         3d6       100%        9
 Cigotuvi's Dreadful Rot  Necr/Pois/Air  Unusable   N/A       N/A         2

Dungeon Overview and Level Annotations

Branches:
Dungeon (5/15)             Temple (1/1) D:5

Altars:
Cheibriados

Annotations:
D:4 1 runed translucent door, lotum's ghost, amateur OpEE


Innate Abilities, Weirdness & Mutations

You are immune to sickness and miasma.
Your stone body is resilient. (AC +4)
You are immune to poison.
You resist negative energy. (rN+)
You are resistant to electric shocks. (rElec)
You are resistant to unholy torment.
You are immune to petrification.


Message History

The centaur kicks you but does no damage.
The necrophage hits you but does no damage.
The phantom barely misses you.
As you read the scroll labelled LIRAGA OCEM, it crumbles to dust.
Magic quickly surges around you.
It was a scroll of vulnerability.
The centaur hits you but does no damage.
The centaur kicks you but does no damage.
The centaur barely misses you. The centaur closely misses you.
The phantom closely misses you. The necrophage misses you.
Casting: Sandblast (safe; 1% risk of failure)
Confirm with . or Enter, or press ? or * to list all spells.
Aiming: Sandblast (safe; 1% risk of failure)
Press: ? - help, Shift-Dir - straight line, f/p - necrophage
Aim: a necrophage (moderately damaged, weak-willed, 83% to hit)
Okay, then.
As you read the scroll labelled EMANIC XAKONE, it crumbles to dust.
It is a scroll of identify.
m - a scroll of fog The centaur hits you but does no damage.
The centaur kicks you but does no damage.
The necrophage closely misses you. The phantom misses you.
Okay, then.
Okay, then.
Casting: Sandblast (safe; 1% risk of failure)
Confirm with . or Enter, or press ? or * to list all spells.
Aiming: Sandblast (safe; 1% risk of failure)
Press: ? - help, Shift-Dir - straight line, f/p - necrophage
Aim: a necrophage (moderately damaged, weak-willed, 83% to hit)
The blast of sand hits the necrophage!!
You destroy the necrophage!
Cheibriados appreciates the change of pace.
The centaur misses you.
The centaur kicks you but does no damage.
The centaur hits you.
* * * LOW HITPOINT WARNING * * *
The centaur barely misses you. The phantom hits you.
* * * LOW HITPOINT WARNING * * *
The phantom blinks!
You blink.
The centaur wields a +0 shortbow.
The centaur shoots an arrow.
The arrow hits you.
You die...

♣♣.......♣♣
♣♣.........♣♣
♣...........♣
♣♣...........♣♣
♣.....§c......♣
♣......§......♣
♣.............♣
♣♣...........♣♣
♣.@.........♣
♣♣W........♣♣
..♣.......♣♣
...♣♣♣...♣♣♣
... ♣♣♣♣♣ ....
..... ......


You could see a phantom (weak-willed) and a centaur (weak-willed).

Vanquished Creatures
  An ogre (D:4)
  A phantom (D:4)
  A necrophage (Temple)
  A gnoll (D:1)
  6 adders
  A worm (D:2)
  4 dart slugs
  7 orcs (D:4)
  6 ball pythons
  4 bats
  12 endoplasms
  8 giant cockroaches
  A goblin (D:4)
  7 hobgoblins
  3 jackals (D:1)
  4 kobolds
  A quokka (D:2)
  2 frilled lizards (D:1)
  7 rats
77 creatures vanquished.

Vanquished Creatures (others)
  An endoplasm (D:2)
1 creature vanquished.

Grand Total: 78 creatures vanquished

Notes
Turn   | Place    | Note
-------+----------+-------------------------------------------
     0 | D:1      | freelancePsychic the Gargoyle Earth Elementalist began the
                  | quest for the Orb.
     0 | D:1      | Reached XP level 1. HP: 10/10 MP: 3/3
   181 | D:1      | Reached XP level 2. HP: 12/16 MP: 0/5
   494 | D:1      | Reached skill level 1 in Fighting
   494 | D:1      | Reached skill level 1 in Conjurations
   494 | D:1      | Reached XP level 3. HP: 16/20 MP: 1/6
   838 | D:1      | Learned a level 3 spell: Stone Arrow
   999 | D:1      | Found a faded altar of an unknown god.
  1003 | D:1      | Prayed at the altar of an unknown god.
  1003 | D:1      | Became a worshipper of Cheibriados the Contemplative
  1003 | D:1      | Reached * piety under Cheibriados
  1232 | D:2      | Reached XP level 4. HP: 25/25 MP: 5/7
  1318 | D:2      | Got the Anthology of Battling
  1588 | D:2      | Reached ** piety under Cheibriados
  2490 | D:3      | Reached XP level 5. HP: 30/30 MP: 6/8
  3130 | D:4      | Got the Excursus on the Squall and the Snake
  3267 | D:4      | Noticed a phantom
  3272 | D:4      | Killed a phantom
  3334 | D:4      | Noticed lotum's ghost (amateur OpEE)
  3340 | D:4      | Noticed an ogre
  3348 | D:4      | Killed an ogre
  3349 | D:4      | Reached skill level 5 in Stealth
  3349 | D:4      | Reached XP level 6. HP: 36/36 MP: 5/9
  3391 | D:4      | Found a runed translucent door.
  3583 | D:4      | Reached skill level 5 in Earth Magic
  3650 | D:4      | Reached *** piety under Cheibriados
  3748 | D:5      | Entered Level 5 of the Dungeon
  3748 | D:5      | Found a staircase to the Ecumenical Temple.
  3767 | Temple   | Entered the Ecumenical Temple
  3771 | Temple   | HP: 1/36 [phantom (6)]
  3771 | Temple   | Shot with an arrow by a centaur

Illustrated notes

Levels and vault maps discovered:
D:1:      sevenhm_arrival_forest_fort_small_3, layout_basic,
          shapermc_ecumenical_altar_petra, nicolae_grassy_gnolls
D:2:      layout_basic, lemuel_flame_loot_1
D:3:      layout_basic, serial_aquarium, aquarium_bridge_straight
          [aquarium_subvault_bridge, aquarium_subvault_wall,
          aquarium_subvault_bridge, aquarium_subvault_window],
          aquarium_window_1, aquarium_window_fake, aquarium_view_2a,
          aquarium_view_2a, aquarium_pool_S
D:4:      layout_gridville, hellmonk_ghost_happy_afterlife, uniq_grinder
D:5:      layout_cave_pods, minmay_temple_entry_statues_fountains,
          nicolae_goblin_pals
Temple:   mainiacjoe_temple_starburst

Skill      XL: |  1  2  3  4  5  6 |
---------------+-------------------+-----
Fighting       | 1 2 |  2.8
Stealth        | 3 4 5 |  5.0
Conjurations   | 1 3 |  3.0
Earth Magic    | 4 5 |  5.0
Dodging        | |  1.5
Spellcasting   | |  2.0
Transmutations | |  0.7
Invocations    | |  0.1

Action                     |  1- 3 |  4- 6 || total
---------------------------+-------+-------++-------
  Melee: Unarmed           |    14 |       ||    14
         Dagger            |     8 |    19 ||    27
   Cast: Sandblast         |    43 |    59 ||   102
  Evoke: Wand              |       |     1 ||     1
    Use: Scroll            |       |     9 ||     9
         Potion            |       |     3 ||     3
   Stab: Sleeping          |     1 |     3 ||     4
 Armour: Leather armour    |    24 |    34 ||    58
  Dodge: Dodged            |    39 |    46 ||    85

Table legend: (Time is in decaauts)
 A = Elapsed time spent in this place.
 B = Non-inter-level travel time spent in this place.
 C = Inter-level travel time spent in this place.
 D = Time resting spent in this place.
 E = Time spent auto-exploring this place.
 F = Levels seen in this place.
 G = Mean time per level.
                   A        B        C        D        E       F      G
               +--------+--------+--------+--------+--------+-----+--------+
         Total |   4828 |   4617 |    211 |      5 |   3924 |   6 |  804.7 |
       Dungeon |   4824 |   4613 |    211 |      5 |   3924 |   5 |  964.8 |
        Temple |      4 |      4 |      0 |      0 |      0 |   1 |    4.0 |
               +--------+--------+--------+--------+--------+-----+--------+

Top non-repeatable levels by time:
     D:2: 1420 daAuts
     D:1: 1191 daAuts
     D:3: 1161 daAuts
     D:4: 1026 daAuts
     D:5: 25 daAuts
  Temple: 4 daAuts
